 Dungeon Crawl Stone Soup version 0.22.1-2-g9c5b331383 (webtiles) character file.

7147 Knicklaso the Cleaver (level 11, -1/148 HPs)
             Began as a Hill Orc Fighter on Dec 5, 2018.
             Was a Believer of Beogh.
             Slain by a hornet (10 damage)
             ... on level 9 of the Dungeon.
             The game lasted 00:20:00 (8077 turns).

Knicklaso the Cleaver (Hill Orc Fighter)            Turns: 8077, Time: 00:20:00

Health: -1/148     AC: 25    Str: 27    XL:     11   Next: 10%
Magic:  24/24      EV:  2    Int:  8    God:    Beogh [**....]
Gold:   572        SH:  7    Dex: 11    Spells: 10/10 levels left

rFire    . . .     SeeInvis .   (no weapon)
rCold    . . .     Gourm    .   L - +2 buckler
rNeg     + + +     Faith    .   (armour currently unavailable)
rPois    +         Spirit   .   (helmet currently unavailable)
rElec    .         Reflect  .   (cloak currently unavailable)
rCorr    .         Harm     .   (gloves currently unavailable)
MR       .....     NoTele   +   (boots currently unavailable)
Stlth    +.........             (no amulet)
HPRegen  0.34/turn              r - ring of magical power
MPRegen  0.19/turn              (no ring)

@: mighty, lethally poisoned (-1 -> -1), tree-form, very slightly contaminated,
invisible
A: no striking features
a: Smiting, Renounce Religion


You were on level 9 of the Dungeon.
You worshipped Beogh.
Beogh was pleased with you.
You were very hungry.
You were a tree.
You visited 1 branch of the dungeon, and saw 9 of its levels.

You collected 572 gold pieces.

Inventory:

Hand Weapons
 a - a +0 war axe
 b - a +1 hunting sling of flaming
 K - a +0 whip of electrocution
Missiles
 e - 11 tomahawks (quivered)
 p - 111 sling bullets
 u - 126 stones
 B - 4 tomahawks of dispersal
Armour
 c - a +0 shield
 k - a +0 helmet (melded)
 l - a +0 pair of boots (melded)
 q - a +0 cloak (melded)
 I - a +0 chain mail (melded)
 L - a +2 buckler (worn)
Jewellery
 r - a ring of magical power (left branch)
 O - an uncursed ring of wizardry {unknown}
Wands
 g - a wand of disintegration (15)
 s - a wand of iceblast (14)
 x - a wand of enslavement (13)
 S - a wand of digging (16)
Scrolls
 h - 2 scrolls of fog {unknown}
 i - 3 scrolls of fear {unknown}
 m - 3 scrolls of amnesia {unknown}
 n - 2 scrolls of enchant armour {unknown}
 o - 10 scrolls of identify
 v - a scroll of torment {unknown}
 y - 2 scrolls of random uselessness {unknown}
 z - 2 scrolls of noise {unknown}
 A - 2 scrolls of teleportation {unknown}
 C - 4 scrolls of remove curse
 F - 2 scrolls of blinking {unknown}
 P - 3 scrolls of magic mapping {unknown}
 Q - a scroll of acquirement {unknown}
 R - a scroll of enchant weapon {unknown}
Potions
 d - a potion of might
 D - a potion of lignification
 E - a potion of cancellation {unknown}
 G - a potion of haste {unknown}
 H - a potion of mutation {unknown}
 J - a potion of brilliance {unknown}
 M - a potion of heal wounds {unknown}
 T - a potion of degeneration {unknown}
Comestibles
 f - 8 rations


   Skills:
 + Level 9.7 Fighting
 * Level 13.5 Axes
 - Level 7.4 Armour
 + Level 3.5 Dodging
 - Level 7.3 Shields
 + Level 5.6 Invocations


You had 10 spell levels left.
You didn't know any spells.
Your spell library contained the following spells:

 Spells                   Type           Power        Failure   Level  Hunger
 Animate Skeleton         Necr           N/A          41%         1    ##.....
 Apportation              Tloc           #.....       41%         1    ##.....
 Beastly Appendage        Tmut           #.....       41%         1    ##.....
 Confusing Touch          Hex            #.....       41%         1    ##.....
 Sandblast                Erth           #.....       41%         1    ##.....
 Summon Small Mammal      Summ           #...         41%         1    ##.....
 Passwall                 Tmut/Erth      #.......     54%         2    ###....
 Sticks to Snakes         Tmut           #.......     54%         2    ###....
 Spider Form              Tmut/Pois      #.........   78%         3    ####...
 Stone Arrow              Conj/Erth      #.....       78%         3    ####...
 Cause Fear               Hex            #.........   99%         4    #####..
 Ice Form                 Ice/Tmut       #.......     99%         4    #####..
 Petrify                  Tmut/Erth      #.......     99%         4    #####..
 Blade Hands              Tmut           #.........   100%        5    ######.
 Lee's Rapid Deconstruct  Erth           #.........   100%        5    ######.
 Silence                  Hex/Air        #.........   100%        5    ######.
 Yara's Violent Unravell  Hex/Tmut       #.........   100%        5    ######.
 Deflect Missiles         Chrm/Air       #.........   100%        6    #######
 Discord                  Hex            #.........   100%        8    #######


Dungeon Overview and Level Annotations

Branches:
Dungeon (9/15)             Temple (0/1) D:6
   Lair: D:8-11         Orc: D:9-12

Altars:
Vehumet
The Shining One

Shops:
D:4 ?


Message History

The hornet stings you but does no damage.
You feel less invigorated.
You feel less confused.
The hornet stings you but does no damage. x2
You feel sick. You block the hornet's attack.
The hornet stings you but does no damage.
The hornet barely misses you. The hornet stings you!
* * * LOW HITPOINT WARNING * * *
You feel yourself slow down.
It was a potion of invisibility.
You fade into invisibility!
You feel yourself speed up.
You feel sick. You block the hornet's attack.
The centaur wields a shortbow.
The centaur shoots an arrow.
The arrow hits the worker ant.
The hornet barely misses you.
The centaur shoots an arrow.
The arrow hits the worker ant!
The worker ant dies!
You are very lightly contaminated with residual magic.
It was a potion of flight.
Your roots keep you in place.
The hornet stings you!
You die...

#'###.....#####.≈..##.≈.#
##..... ..........#
#)##.#####.#####.....
..........#
#.##.##.##.##.##.....
.......####
#≈..)..≈..≈..≈##...##
......##
#[##.##.##.##.##...#.
.....##
####.#####.##.##...#.
.....#
#.≈.###.≈.####...#.
.....# ####.##(#####
#.###. ##...#
?##.##.##♣##÷# ##..#...
.#...# a..≈.yc(y≈..≈#
##...#... .#...#
.##.##.##(##(# .....#...
.# ####.#### .....#### .#
#[.≈.# ......... .#
###### ......... ##
.......<. .........
.........


You could see a hornet, a centaur and a killer bee.

Vanquished Creatures
  Pikel (D:7)
  A deep elf mage (D:9)
  2 ugly things (D:9)
  Joseph (D:8)
  Psyche (D:9)
  A troll (D:9)
  A hornet (D:8)
  3 slime creatures (D:8)
  4 humans (D:6)
  2 hungry ghosts
  A black bear (D:7)
  An ice beast (D:5)
  3 orc warriors
  3 phantoms
  4 centaurs
  A big kobold (D:9)
  Blork the orc (D:4)
  2 bullfrogs (D:6)
  A wyvern skeleton (D:9)
  A scorpion (D:8)
  A water moccasin skeleton (D:9)
  4 killer bees (D:7)
  6 crimson imps
  A bullfrog zombie (D:6)
  6 hounds
  Crazy Yiuf (D:4)
  8 orc wizards
  3 orc priests
  2 jellies
  Ijyb (D:4)
  Jessica (D:2)
  2 iguanas
  6 worker ants
  4 gnolls (D:2)
  6 adders
  2 shadow imps
  2 oozes (D:5)
  2 adder zombies (D:9)
  4 worms
  2 dart slugs (D:1)
  4 leopard geckos
  22 orcs
  4 giant cockroaches
  7 goblins
  2 hobgoblins
  4 jackals (D:3)
  13 kobolds
  A quokka (D:2)
  3 ball pythons
  8 bats
  3 frilled lizards
  A leopard gecko skeleton (D:9)
  A quokka skeleton (D:9)
  7 rats
179 creatures vanquished.

Vanquished Creatures (others)
  A sky beast (D:9)
  A slave (D:7)
  An ogre (D:7)
  An orc priest (D:5)
  A worker ant (D:9)
5 creatures vanquished.

Grand Total: 184 creatures vanquished

Notes
Turn   | Place    | Note
-------+----------+-------------------------------------------
     0 | D:1      | Knicklaso the Hill Orc Fighter began the quest for the Orb.
     0 | D:1      | Reached XP level 1. HP: 19/19 MP: 1/1
    80 | D:1      | Reached skill level 3 in Axes
   136 | D:1      | Reached XP level 2. HP: 27/27 MP: 2/2
   778 | D:2      | Reached XP level 3. HP: 32/33 MP: 3/3
   899 | D:2      | Noticed Jessica
   903 | D:2      | Killed Jessica
   906 | D:2      | Reached skill level 4 in Axes
   934 | D:2      | Reached XP level 4. HP: 40/40 MP: 4/4
  1163 | D:2      | Reached XP level 5. HP: 14/47 MP: 5/5
  1636 | D:3      | Found a radiant altar of Vehumet.
  1944 | D:3      | Reached skill level 5 in Axes
  1992 | D:4      | Noticed Blork the orc
  2005 | D:4      | Killed Blork the orc
  2005 | D:4      | Reached XP level 6. HP: 52/53 MP: 6/6
  2260 | D:4      | Noticed a phantom
  2289 | D:4      | Killed a phantom
  2289 | D:4      | Reached skill level 5 in Fighting
  2289 | D:4      | Reached skill level 6 in Axes
  2408 | D:4      | Found a glowing golden altar of the Shining One.
  2521 | D:4      | Noticed Ijyb
  2524 | D:4      | Found Zazayclu's Magic Scroll Emporium.
  2540 | D:4      | Killed Ijyb
  2595 | D:4      | Found a runed door.
  2599 | D:4      | Noticed Crazy Yiuf
  2612 | D:4      | Killed Crazy Yiuf
  2612 | D:4      | Reached XP level 7. HP: 55/61 MP: 3/7
  2678 | D:5      | Entered Level 5 of the Dungeon
  2872 | D:5      | Reached skill level 5 in Armour
  3074 | D:5      | Reached skill level 7 in Axes
  3074 | D:5      | Reached skill level 5 in Shields
  3225 | D:5      | Became a worshipper of Beogh the Brigand
  3566 | D:5      | Reached XP level 8. HP: 70/70 MP: 8/8
  3735 | D:6      | Found a staircase to the Ecumenical Temple.
  3742 | D:6      | Reached skill level 8 in Axes
  3842 | D:6      | Paralysed by fainting for 6 turns
  3949 | D:6      | Reached skill level 9 in Axes
  4600 | D:6      | Reached XP level 9. HP: 60/78 MP: 9/9
  4609 | D:6      | Reached skill level 10 in Axes
  4676 | D:6      | Reached * piety under Beogh
  4938 | D:7      | Noticed Pikel
  4952 | D:7      | Killed Pikel
  4952 | D:7      | Reached skill level 11 in Axes
  5157 | D:7      | Reached skill level 1 in Invocations
  5711 | D:8      | Reached XP level 10. HP: 87/88 MP: 11/11
  5764 | D:8      | Reached skill level 1 in Dodging
  5790 | D:8      | Noticed Joseph
  5813 | D:8      | Killed Joseph
  6143 | D:8      | Reached skill level 12 in Axes
  6439 | D:8      | Reached ** piety under Beogh
  7167 | D:9      | Noticed Psyche
  7175 | D:9      | Killed Psyche
  7364 | D:9      | Noticed a deep elf mage
  7387 | D:9      | Killed a deep elf mage
  7387 | D:9      | Reached skill level 13 in Axes
  7387 | D:9      | Reached skill level 5 in Invocations
  7696 | D:9      | Noticed a brown ugly thing
  7711 | D:9      | Killed a brown ugly thing
  7711 | D:9      | Reached XP level 11. HP: 24/97 MP: 15/15
  8009 | D:9      | Noticed a purple ugly thing
  8039 | D:9      | Killed a purple ugly thing
  8046 | D:9      | Paralysed by a hornet for 3 turns
  8077 | D:9      | Slain by a hornet

Skill      XL: |  1  2  3  4  5  6  7  8  9 10 |
---------------+-------------------------------+-----
Axes           | 3 4 5 6 7 9 11 13 | 13.5
Fighting       | 4 5 6 8 9 |  9.7
Armour         | 4 5 6 7 |  7.4
Shields        | 4 5 6 7 |  7.3
Invocations    | 1 5 |  5.6
Dodging        | 3 |  3.5

Action                   |  1- 3 |  4- 6 |  7- 9 | 10-12 || total
-------------------------+-------+-------+-------+-------++-------
Melee: War axe           |    57 |   211 |   339 |   281 ||   888
       Unarmed           |       |       |       |    16 ||    16
Invok: Convert to Beogh  |       |       |     1 |       ||     1
  Use: Scroll            |       |       |     3 |       ||     3
       Potion            |       |       |       |    11 ||    11
  Eat: Chunk             |       |     6 |    13 |     4 ||    23
       Ration            |       |       |     1 |     1 ||     2
Armor: Scale mail        |    33 |    90 |    73 |       ||   196
       Chain mail        |       |       |    73 |   116 ||   189
       Skin              |       |       |       |    20 ||    20
Dodge: Dodged            |    32 |    62 |    90 |    95 ||   279
Block: Shield            |    36 |    90 |   127 |       ||   253
       Buckler           |       |       |    29 |    81 ||   110
